 Dungeon Crawl Stone Soup version 0.27-a0-78-g75406f0b48 (webtiles) character file.

Game seed: 979968072970612675

3917 knot the Cleaver (level 10, 70/70 HPs)
             Began as a Demonspawn Berserker on Jan 14, 2021.
             Was a High Priest of Trog.
             Quit the game on level 8 of the Dungeon.
             The game lasted 00:07:57 (7024 turns).

knot the Cleaver (Demonspawn Berserker)             Turns: 7024, Time: 00:07:58

Health: 70/70      AC: 14    Str: 18    XL:     10   Next: 1%
Magic:  10/10      EV:  7    Int: 12    God:    Trog [*****.]
Gold:   487        SH:  0    Dex: 12    Spells: 9/9 levels left

rFire    . . .     SeeInvis .   j - +1 war axe (venom)
rCold    . . .     Faith    .   (no shield)
rNeg     . . .     Spirit   .   g - +2 chain mail {rPois}
rPois    +         Reflect  .   (helmet restricted)
rElec    +         Harm     .   (no cloak)
rCorr    .         Rampage  .   (no gloves)
Will     ++...                  (no boots)
Stlth    ..........             (no amulet)
HPRegen  0.21/turn              x - ring of willpower
MPRegen  0.12/turn              C - ring of willpower

@: no status effects
A: horns 1, thin metallic scales 3, demonic guardian 1, powered by death 1
a: Renounce Religion, Berserk, Trog's Hand, Brothers in Arms


You were on level 8 of the Dungeon.
You worshipped Trog.
Trog was extremely pleased with you.
You visited 2 branches of the dungeon, and saw 9 of its levels.

You collected 487 gold pieces.

Inventory:

Hand Weapons
 a - a +0 hand axe
 j - a +1 war axe of venom (weapon)
Missiles
 e - 333 stones
 h - 114 bolts
 l - 120 arrows
 m - 15 poisoned darts
 n - 64 sling bullets
 t - 2 throwing nets
 y - 7 boomerangs (quivered)
 J - a curare-tipped dart
Armour
 g - a +2 chain mail of poison resistance (worn)
Jewellery
 f - an uncursed ring of ice
 x - a ring of willpower (left hand)
 C - a ring of willpower (right hand)
 D - an uncursed ring of poison resistance {unknown}
 H - an uncursed ring of magical power {unknown}
 M - a +6 ring of intelligence {unknown}
Wands
 p - a wand of enslavement (7)
 A - a wand of polymorph (18)
 F - a wand of flame (30)
 L - a wand of disintegration (15)
 P - a wand of iceblast (6)
Scrolls
 b - a scroll of blinking {unknown}
 c - 13 scrolls of identify
 d - 4 scrolls of teleportation {unknown}
 i - 3 scrolls of magic mapping {unknown}
 o - 2 scrolls of immolation {unknown}
 r - 2 scrolls of amnesia {unknown}
 s - a scroll of noise {unknown}
 u - a scroll of random uselessness {unknown}
 B - 5 scrolls of remove curse {unknown}
 G - a scroll of enchant armour {unknown}
 I - a scroll of fear {unknown}
 K - 2 scrolls of enchant weapon {unknown}
Potions
 k - a potion of lignification {unknown}
 q - 3 potions of attraction
 v - 2 potions of brilliance {unknown}
 w - 2 potions of resistance
 z - a potion of haste {unknown}
 E - 2 potions of degeneration {unknown}
 N - a potion of magic {unknown}
 O - a potion of curing


   Skills:
 - Level 3.0 Fighting
 + Level 13.0 Axes
 - Level 1.7 Armour
 - Level 1.7 Dodging


You had 9 spell levels left.
You didn't know any spells.
Your spell library contained the following spells:

 Spells                   Type           Power        Failure   Level
 Sandblast                Erth           0%           99%         1
 Passwall                 Tmut/Erth      0%           100%        2
 Stone Arrow              Conj/Erth      0%           100%        3
 Petrify                  Tmut/Erth      0%           100%        4
 Lee's Rapid Deconstruct  Erth           0%           100%        5


Dungeon Overview and Level Annotations

Branches:
Dungeon (8/15)             Temple (1/1) D:5
   Lair: D:8-11

Altars:
Ashenzari
Cheibriados
Dithmenos
Elyvilon
Fedhas
Gozag
Hepliaklqana
Kikubaaqudgha
Makhleb
Nemelex Xobeh
Okawaru
Qazlal
Ru
Sif Muna
Trog
Uskayaw
Vehumet
Wu Jian
Xom
Yredelemnul
Zin
The Shining One

Annotations:
D:5 3 runed translucent doors, Snicker's ghost, weakling DsDe


Innate Abilities, Weirdness & Mutations

You have a pair of small horns on your head.
You are completely covered in thin metallic scales. (AC +4, rElec)
A weak demonic guardian rushes to your aid.
You regenerate a little health from kills.


Message History

An ogre comes into view. It is wielding a +0 giant spiked club.
You closely miss the bullfrog.
The ogre shouts!
The bullfrog hits you but does no damage.
Your chain mail prevents you from hitting the bullfrog.
You headbutt the bullfrog.
The bullfrog is moderately wounded.
The bullfrog hits you but does no damage.
You hit the bullfrog.
The bullfrog is heavily wounded.
The bullfrog closely misses you.
A bullfrog zombie comes into view.
The bullfrog closely misses you.
You slice the bullfrog!!
You kill the bullfrog!
Trog accepts your kill.
You have reached level 10!
Your demonic ancestry asserts itself...
You feel the presence of a demonic guardian.
Are you sure you want to abandon this character and quit the game? (Confirm with "yes".)

### ##....#
#.#######.....#
###...#.........#
#..............##
#................
#...#............
##..........#.....
##......#...##.##..
#.@.....#.........#
#....##..#..........
#.O..##.............
#....###............
.#...##.............
$.#....##............
...##...#..#..........
... ##.....#..........
...........


You could see an ogre.

Vanquished Creatures
  A kobold demonologist (D:6)
  Sigmund (D:4)
  Eustachio (D:4)
  2 ice beasts
  A sky beast (D:5)
  4 phantoms
  A centaur (D:7)
  5 ogres
  A big kobold (D:6)
  3 bullfrogs
  A water moccasin skeleton (D:4)
  3 scorpions
  3 killer bees (D:8)
  An oklob sapling (D:5)
  A howler monkey (D:5)
  2 jellies
  2 hounds
  4 orc wizards
  6 orc priests
  A gnoll shaman (D:5)
  2 bullfrog skeletons
  3 iguanas
  Jessica (D:3)
  2 centaur skeletons
  5 worker ants
  A hound skeleton (D:4)
  Robin (D:4)
  8 adders
  3 shadow imps
  2 white imps
  4 ufetubi
  An adder zombie (D:7)
  A worm (D:3)
  2 dart slugs
  5 leopard geckos
  23 orcs
  8 bats
  3 giant cockroaches
  9 goblins
  10 hobgoblins
  2 jackals (D:6)
  3 quokkas
  2 ball pythons
  7 frilled lizards
  A giant cockroach zombie (D:5)
  A jackal skeleton (D:7)
  4 kobolds
  2 leopard gecko skeletons
  8 rats
168 creatures vanquished.

Vanquished Creatures (collateral kills)
  The ghost of sokol815 the Frost Mage, a novice OpIE of Gozag (D:6)
  7 big kobolds (D:6)
8 creatures vanquished.

Vanquished Creatures (others)
  A fungus (D:6)
  12 plants
13 creatures vanquished.

Grand Total: 189 creatures vanquished

Notes
Turn   | Place    | Note
-------+----------+-------------------------------------------
     0 | D:1      | knot the Demonspawn Berserker began the quest for the Orb.
     0 | D:1      | Reached XP level 1. HP: 18/18 MP: 1/1
    98 | D:1      | Reached skill level 3 in Axes
   323 | D:1      | Gained mutation: You regenerate a little health from kills.
                  | [demonic ancestry]
   323 | D:1      | Reached XP level 2. HP: 12/24 MP: 2/2
   873 | D:2      | Gained mutation: You are partially covered in thin metallic
                  | scales. (AC +2) [demonic ancestry]
   873 | D:2      | Reached XP level 3. HP: 29/29 MP: 3/3
   881 | D:2      | Reached skill level 4 in Axes
  1210 | D:2      | Reached ** piety under Trog
  1625 | D:3      | Noticed a phantom
  1638 | D:3      | Killed a phantom
  1639 | D:3      | Reached skill level 5 in Axes
  1639 | D:3      | Reached XP level 4. HP: 24/35 MP: 4/4
  1639 | D:3      | Gained mutation: You are mostly covered in thin metallic
                  | scales. (AC +3) [demonic ancestry]
  1639 | D:3      | Reached XP level 5. HP: 28/41 MP: 5/5
  1907 | D:3      | Noticed Jessica
  1912 | D:3      | Killed Jessica
  2350 | D:3      | Found a basalt altar of Yredelemnul.
  2355 | D:3      | Found a snail-covered altar of Cheibriados.
  2362 | D:3      | Found a glowing golden altar of the Shining One.
  2367 | D:3      | Found a sacrificial altar of Ru.
  2374 | D:3      | Found a radiant altar of Vehumet.
  2379 | D:3      | Found an opulent altar of Gozag.
  2390 | D:3      | Found a hide-covered altar of Uskayaw.
  2489 | D:4      | Noticed Eustachio
  2499 | D:4      | Reached skill level 6 in Axes
  2504 | D:4      | Noticed Sigmund
  2510 | D:4      | Gained mutation: You are completely covered in thin
                  | metallic scales. (AC +4, rElec) [demonic ancestry]
  2510 | D:4      | Reached XP level 6. HP: 28/47 MP: 6/6
  2525 | D:4      | Killed Sigmund
  2526 | D:4      | Reached skill level 7 in Axes
  2532 | D:4      | Killed Eustachio
  2533 | D:4      | Gained mutation: You have a pair of small horns on your
                  | head. [demonic ancestry]
  2533 | D:4      | Reached XP level 7. HP: 18/52 MP: 7/7
  2579 | D:4      | Noticed Ijyb
  2580 | D:4      | Noticed Ijyb
  2580 | D:4      | Ijyb changed into Ijyb the jelly
  2587 | D:4      | Killed Ijyb the jelly
  2742 | D:4      | Reached skill level 8 in Axes
  3059 | D:4      | Noticed Robin
  3061 | D:4      | Reached *** piety under Trog
  3068 | D:4      | Killed Robin
  3456 | D:5      | Entered Level 5 of the Dungeon
  3525 | D:5      | Reached skill level 9 in Axes
  3525 | D:5      | Reached XP level 8. HP: 41/58 MP: 8/8
  4141 | D:5      | Found a runed translucent gate.
  4142 | D:5      | Found a runed translucent gate.
  4149 | D:5      | Found a runed translucent gate.
  4152 | D:5      | Noticed Snicker's ghost (weakling DsDe)
  4265 | D:5      | Reached skill level 10 in Axes
  4442 | D:5      | Found a staircase to the Ecumenical Temple.
  4650 | D:5      | Reached **** piety under Trog
  5016 | Temple   | Entered the Ecumenical Temple
  5338 | D:6      | Found a runed translucent gate.
  5340 | D:6      | Found a runed translucent gate.
  5340 | D:6      | Found a runed translucent gate.
  5341 | D:6      | Noticed sokol815's ghost (novice OpIE)
  5342 | D:6      | Noticed a kobold demonologist
  5995 | D:6      | Killed sokol815's ghost
  5996 | D:6      | Reached skill level 11 in Axes
  5996 | D:6      | Reached XP level 9. HP: 61/63 MP: 9/9
  6000 | D:6      | Noticed a hellwing
  6005 | D:6      | Killed a kobold demonologist
  6006 | D:6      | Reached skill level 12 in Axes
  6486 | D:7      | Found a burning altar of Makhleb.
  6919 | D:8      | Noticed Psyche
  6921 | D:8      | Noticed Psyche
  6921 | D:8      | Psyche changed into Psyche the adder
  6927 | D:8      | Killed Psyche the adder
  6988 | D:8      | Reached ***** piety under Trog
  6989 | D:8      | Reached skill level 13 in Axes
  7024 | D:8      | Gained mutation: A weak demonic guardian rushes to your
                  | aid. [demonic ancestry]
  7024 | D:8      | Reached XP level 10. HP: 70/70 MP: 10/10
  7024 | D:8      | Quit the game

Illustrated notes

Levels and vault maps discovered:
D:1:      heliophobic_arrival_ceremonial_halls, layout_rooms
D:2:      layout_loops_cross, dk_vineyard_2
D:3:      layout_basic, grunt_temple_overflow_octagram, uniq_jessica
D:4:      layout_loops_cross, uniq_ijyb, uniq_eustachio, uniq_robin,
          uniq_sigmund
D:5:      layout_basic, minmay_temple_entry_oklob, gammafunk_ghost_necromancy,
          minmay_fractal_squares_diagonal_5
D:6:      layout_loops_ring, gammafunk_ghost_nasty_kobolds, serial_glass,
          glass_columns_c, glass_columns_a, glass_columns_a, glass_columns_a,
          glass_columns_b, glass_columns_a
D:7:      layout_loops_ring, lemuel_round_altar
D:8:      layout_cave_pools, uniq_psyche
Temple:   eino_temple_water

Skill      XL: |  1  2  3  4  5  6  7  8  9 |
---------------+----------------------------+-----
Axes           | 3 5 6 7 9 11 13 | 13.0
Fighting       | |  3.0
Armour         | |  1.7
Dodging        | |  1.7

Action                   |  1- 3 |  4- 6 |  7- 9 | 10-12 || total
-------------------------+-------+-------+-------+-------++-------
Melee: Hand axe          |    47 |       |       |       ||    47
       War axe           |    66 |    78 |   327 |       ||   471
       Headbutt          |       |       |    63 |       ||    63
Throw: Boomerang         |       |       |    16 |       ||    16
Invok: Berserk           |     1 |     1 |     1 |       ||     3
       Brothers in Arms  |       |       |     1 |       ||     1
Evoke: Wand              |       |       |     3 |       ||     3
  Use: Scroll            |     1 |       |       |       ||     1
       Potion            |       |     3 |       |       ||     3
Armor: Animal skin       |     9 |       |       |       ||     9
       Chain mail        |    67 |    64 |   180 |       ||   311
Dodge: Dodged            |    54 |    37 |   100 |       ||   191

Table legend: (Time is in decaauts)
 A = Elapsed time spent in this place.
 B = Non-inter-level travel time spent in this place.
 C = Inter-level travel time spent in this place.
 D = Time resting spent in this place.
 E = Time spent auto-exploring this place.
 F = Levels seen in this place.
 G = Mean time per level.
                   A        B        C        D        E       F      G
               +--------+--------+--------+--------+--------+-----+--------+
         Total |   7097 |   6714 |    383 |    786 |   4871 |   9 |  788.6 |
       Dungeon |   6872 |   6505 |    367 |    786 |   4663 |   8 |  859.0 |
        Temple |    224 |    209 |     15 |      0 |    208 |   1 |  224.0 |
               +--------+--------+--------+--------+--------+-----+--------+

Top non-repeatable levels by time:
     D:5: 1668 daAuts
     D:3: 1031 daAuts
     D:4: 1007 daAuts
     D:1: 861 daAuts
     D:7: 853 daAuts
     D:6: 724 daAuts
     D:2: 626 daAuts
  Temple: 224 daAuts
     D:8: 99 daAuts
